Construct Section Command Post
Selects Canadian Shock Battlegroup
Selects Offensive Resupply
Selects Canadian Shock Section
Construct Field Infirmary
Construct Field Infirmary
Selects Incendiary Munitions
Construct Platoon Command Post
6-pounder Anti-tank Gun Team
Unlock Bishop Self-propelled Artillery
Bishop Self-propelled Artillery
Selects Churchill Crocodile Heavy Tank
Churchill Crocodile Heavy Tank
Construct Company Command Post